 Dungeon Crawl Stone Soup version 0.26.1-11-gd32895ea62 (webtiles) character file.

Game seed: 1483178308148828857

10605 Artemis the Protected (level 11, -9/95 HPs)
             Began as a Minotaur Fighter on May 11, 2021.
             Was a Priest of the Shining One.
             Killed from afar by a gargoyle (20 damage)
             ... with a stone arrow
             ... on level 11 of the Dungeon.
             The game lasted 00:59:15 (14967 turns).

Artemis the Protected (Minotaur Fighter)           Turns: 14967, Time: 00:59:17

Health: -9/95      AC: 11    Str: 24      XL:     11   Next: 38%
Magic:  10/10      EV:  9    Int:  5      God:    the Shining One [***...]
Gold:   325        SH: 14    Dex:  8 (10) Spells: 9/10 levels left

rFire    . . .     SeeInvis .   d - +4 scimitar (flame)
rCold    . . .     Faith    .   r - +2 kite shield {rN+}
rNeg     + + +     Spirit   .   Z - +0 swamp dragon scales
rPois    +         Reflect  .   (helmet restricted)
rElec    .         Harm     .   (no cloak)
rCorr    .         Rampage  .   (no gloves)
Will     +....                  t - +0 pair of boots
Stlth    ..........             l - amulet of magic regeneration
HPRegen  0.25/turn              I - ring of positive energy
MPRegen  0.37/turn              O - ring of willpower

@: about to teleport, glowing
A: retaliatory headbutt, horns 2
a: Renounce Religion, Divine Shield


You were on level 11 of the Dungeon.
You worshipped the Shining One.
The Shining One was most pleased with you.
You visited 1 branch of the dungeon, and saw 11 of its levels.
You also visited: Ossuary.

You collected 602 gold pieces.
You spent 277 gold pieces at shops.

Inventory:

Hand Weapons
 d - a +4 scimitar of flaming (weapon)
 f - a +3 flail
 k - a +2 short sword of electrocution
 y - a +2 dagger of venom
 B - the +0 battleaxe of Flawed Execution {flame, Will++ Str+4 Int-4}
   (You found it on level 4 of the Dungeon)

   It has been specially enchanted to burn those struck by it, causing extra
   injury to most foes and up to half again as much damage against particularly
   susceptible opponents.
   Big, fiery blades are also staple armaments of hydra-hunters.
   It affects your strength (+4).
   It affects your intelligence (-4).
   It affects your willpower, your defense against some magical effects.
 Y - a +1 vorpal scimitar
Missiles
 g - 366 stones (quivered)
 m - 146 arrows
 G - 67 sling bullets
 X - 3 atropa-tipped darts
Armour
 r - a +2 kite shield of positive energy (worn)
 t - a +0 pair of boots (worn)
 x - a +0 plate armour
 V - a +2 robe of resistance
 Z - +0 swamp dragon scales (worn)
Magical Staves
 P - an uncursed staff of air
Jewellery
 l - an amulet of magic regeneration (around neck)
 n - an uncursed ring of ice
 z - an uncursed ring of stealth {unknown}
 D - an uncursed ring of poison resistance
 I - a ring of positive energy (left hand)
 O - a ring of willpower (right hand)
Wands
 o - a wand of enslavement (11)
 F - a wand of iceblast (7)
 M - a wand of paralysis (4)
 U - a wand of flame (18)
Scrolls
 e - 3 scrolls of enchant armour
 i - 3 scrolls of teleportation
 j - 2 scrolls of amnesia
 A - a scroll of fear
 K - a scroll of enchant weapon
 L - a scroll of magic mapping
 R - 2 scrolls of remove curse
Potions
 b - 2 potions of brilliance
 s - 3 potions of curing
 w - a potion of haste
 E - a potion of cancellation
 H - 2 potions of invisibility
 N - 3 potions of heal wounds
 Q - a potion of magic


   Skills:
 + Level 8.7 Fighting
 + Level 3.3(3.4) Short Blades
 + Level 0.9(2.4) Long Blades
 + Level 9.5(10.9) Axes
 + Level 8.6(10.4) Polearms
 + Level 10.2 Armour
 + Level 10.1 Shields
 * Level 4.2 Conjurations


You had 9 spell levels left.
You knew the following spells:

 Your Spells              Type           Power        Failure   Level
a - Foxfire               Conj/Fire      8%           52%         1

Your spell library contained the following spells:

 Spells                   Type           Power        Failure   Level
 Shock                    Conj/Air       8%           52%         1
 Conjure Flame            Conj/Fire      2%           88%         3
 Static Discharge         Conj/Air       2%           88%         3
 Swiftness                Air            0%           91%         2
 Inner Flame              Hex/Fire       0%           99%         3
 Sticky Flame             Conj/Fire      2%           99%         4
 Airstrike                Air            0%           100%        4
 Fireball                 Conj/Fire      1%           100%        5
 Lightning Bolt           Conj/Air       1%           100%        5


Dungeon Overview and Level Annotations

Branches:
Dungeon (11/15)            Temple (0/1) D:6            Lair (0/6) D:8
Ossuary (visited)
    Orc: D:9-12

Altars:
Ashenzari
Cheibriados
Elyvilon
Fedhas
Gozag
Makhleb
Nemelex Xobeh
Ru
Trog
Vehumet
Yredelemnul
The Shining One
Beogh

Shops:
D:5 (   D:9 [   D:10 ([

Annotations:
D:3 3 runed translucent doors, Quickbrownfox's ghost, amateur MiMo
D:6 exclusion: statue
D:9 2 transporters


Innate Abilities, Weirdness & Mutations

You reflexively headbutt those who attack you in melee.
You have a pair of horns on your head.


Message History

The Shining One protects you from harm!
The boulder beetle leaps!
You feel much better. The wyvern closely misses you. You furiously retaliate!
You headbutt the wyvern. You block the gargoyle's attack.
The wyvern bites you but does no damage.
You barely miss the wyvern.
The wyvern is severely wounded.
You block the wyvern's attack. The gargoyle hits you with a +0 flail!
* * * LOW HITPOINT WARNING * * *
The wyvern closely misses you.
You riposte.
You hit the wyvern. You burn the wyvern.
The wyvern is severely wounded.
The boulder beetle curls into a ball and begins rolling!
You hit the wyvern but do no damage.
The wyvern is severely wounded.
The wyvern bites you!
* * * LOW HITPOINT WARNING * * *
The gargoyle hurls a stone arrow at you.
The stone arrow hits you!!
You die...

#................
...###........÷..##...
...#......##(<.......
)###..#.................
..........##..#...(.....
......B.........(.......
..>..#..........(.......
.............9.........°
........<...@l..........
#............)......#..
#..................##
#..................##
#.....[÷............#
#.#.#........)........
.. ###........)........
. .
..................... ..
.................?..


You could see a boulder beetle, a wyvern and a gargoyle.

Vanquished Creatures
  Erica (D:10)
  2 unseen horrors (D:10)
  A manticore (D:10)
  Psyche (D:9)
  2 kobold demonologists (D:10)
  Maggie (D:9)
  A shadow (D:9)
  2 wyverns (D:7)
  6 yaks (D:7)
  Menkaure (D:5)
  5 water moccasins
  An ice beast (D:10)
  Duvessa (D:5)
  2 black bears (D:10)
  2 orc warriors
  7 ogres
  A sky beast (D:10)
  A necrophage (D:10)
  2 phantoms
  3 centaurs (D:8)
  4 big kobolds
  2 elf zombies (Ossuary)
  A gnoll sergeant (D:10)
  4 bullfrogs
  7 scorpions
  Dowan (D:5)
  4 killer bees (D:10)
  8 wights
  4 howler monkeys
  4 centaur zombies
  3 bullfrog zombies
  5 hounds
  A jelly (D:10)
  A gnoll shaman (D:9)
  A human zombie (Ossuary)
  6 orc priests
  7 orc wizards
  2 bullfrog skeletons
  2 iguanas
  10 worker ants
  A big kobold zombie (Ossuary)
  A hound skeleton (D:2)
  2 mummies (Ossuary)
  A worker ant zombie (D:10)
  12 gnolls
  13 adders
  4 white imps
  An ufetubus (D:9)
  2 oozes
  An adder skeleton (D:6)
  5 worms
  5 dart slugs
  4 leopard geckos
  33 orcs
  2 ball pythons
  3 giant cockroaches
  11 goblins
  4 hobgoblins
  6 jackals
  19 kobolds
  3 quokkas
  11 bats
  3 frilled lizards (D:1)
  A giant cockroach zombie (D:5)
  A goblin zombie (Ossuary)
  10 hobgoblin zombies (Ossuary)
  10 kobold zombies (Ossuary)
  A leopard gecko zombie (D:5)
  8 orc zombies (Ossuary)
  A quokka skeleton (D:6)
  4 rats
  A rat zombie (Ossuary)
304 creatures vanquished.

Vanquished Creatures (others)
  A fungus (D:8)
  6 plants (D:8)
7 creatures vanquished.

Grand Total: 311 creatures vanquished

Notes
Turn   | Place    | Note
-------+----------+-------------------------------------------
     0 | D:1      | Artemis the Minotaur Fighter began the quest for the Orb.
     0 | D:1      | Reached XP level 1. HP: 19/19 MP: 0/0
   215 | D:1      | Reached XP level 2. HP: 27/27 MP: 1/1
   587 | D:1      | Reached XP level 3. HP: 31/33 MP: 2/2
  1878 | D:2      | Reached XP level 4. HP: 40/40 MP: 3/3
  2038 | D:3      | Found a sparkling altar of Nemelex Xobeh.
  2172 | D:3      | Reached skill level 1 in Polearms
  2454 | D:3      | Reached XP level 5. HP: 41/47 MP: 4/4
  2600 | D:3      | Found a broken altar of Ashenzari.
  3111 | D:3      | Noticed Quickbrownfox's ghost (amateur MiMo)
  3112 | D:3      | Found a runed translucent gate.
  3112 | D:3      | Found a runed translucent gate.
  3112 | D:3      | Found a runed translucent gate.
  3112 | D:3      | Identified the +1 chain mail "Moesuve" {Str+3 Int+4 SInv}
  3113 | D:3      | Found a roughly hewn altar of Beogh.
  3326 | D:3      | Found a blossoming altar of Fedhas.
  3329 | D:3      | Found a sacrificial altar of Ru.
  3338 | D:3      | Found a white marble altar of Elyvilon.
  3416 | D:3      | Found an opulent altar of Gozag.
  3517 | D:4      | Reached skill level 5 in Shields
  3679 | D:4      | Reached skill level 5 in Armour
  3947 | D:4      | Reached XP level 6. HP: 49/53 MP: 5/5
  4183 | D:4      | Got an ichor-stained battleaxe
  4395 | D:4      | Reached XP level 7. HP: 60/60 MP: 6/6
  4680 | D:4      | Reached skill level 5 in Fighting
  4722 | D:4      | Reached skill level 5 in Polearms
  4869 | D:5      | Entered Level 5 of the Dungeon
  5196 | D:5      | Noticed Dowan
  5197 | D:5      | Noticed Duvessa
  5219 | D:5      | Found a sand-covered staircase.
  5223 | Ossuary  | Entered an ossuary
  5506 | Ossuary  | Reached XP level 8. HP: 40/69 MP: 7/7
  5787 | D:5      | Killed Dowan
  5855 | D:5      | Killed Duvessa
  6361 | D:5      | Noticed Menkaure
  6435 | D:5      | Found a glowing golden altar of the Shining One.
  6442 | D:5      | Became a worshipper of the Shining One
  6452 | D:5      | Killed Menkaure
  6658 | D:5      | Identified the cursed +0 battleaxe of Flawed Execution
                  | {flame, Will++ Str+4 Int-4} (You found it on level 4 of the
                  | Dungeon)
  6661 | D:5      | Found Uwuxuoji's Weapon Boutique.
  6923 | D:6      | Found a sacrificial altar of Ru.
  7110 | D:6      | Reached XP level 9. HP: 67/78 MP: 8/8
  7112 | D:6      | Reached * piety under the Shining One
  7129 | D:6      | Found a radiant altar of Vehumet.
  7186 | D:6      | Found a staircase to the Ecumenical Temple.
  7970 | D:7      | Reached skill level 5 in Axes
  8118 | D:7      | Found a bloodstained altar of Trog.
  8118 | D:7      | Found a basalt altar of Yredelemnul.
  8313 | D:7      | Learned a level 1 spell: Foxfire
  8660 | D:8      | Found a staircase to the Lair.
  8956 | D:7      | Reached skill level 1 in Conjurations
  9592 | D:7      | Reached XP level 10. HP: 61/86 MP: 9/9
 10768 | D:9      | Found a transporter.
 10805 | D:9      | Reached ** piety under the Shining One
 10919 | D:9      | Found a burning altar of Makhleb.
 11196 | D:9      | Noticed Psyche
 11204 | D:9      | Killed Psyche
 11392 | D:9      | Noticed Maggie
 11404 | D:9      | Killed Maggie
 11546 | D:9      | Found a transporter.
 11605 | D:9      | Found a snail-covered altar of Cheibriados.
 11605 | D:9      | Found Cheibriados's Comfort Zone.
 11887 | D:10     | Entered Level 10 of the Dungeon
 12237 | D:10     | Noticed an unseen horror
 12245 | D:10     | Killed an unseen horror
 12461 | D:10     | Found Katiuh's Weapon Shop.
 12566 | D:10     | Reached skill level 10 in Armour
 12574 | D:10     | Reached skill level 1 in Short Blades
 12617 | D:10     | Noticed an unseen horror
 12644 | D:10     | Killed an unseen horror
 12645 | D:10     | Reached XP level 11. HP: 74/95 MP: 10/10
 13000 | D:10     | Found Mutez's Armour Boutique.
 13047 | D:10     | Bought a +2 kite shield of positive energy for 277 gold
                  | pieces
 13626 | D:11     | Reached *** piety under the Shining One
 14028 | D:11     | Noticed Erica
 14162 | D:10     | Killed Erica
 14413 | D:10     | Reached skill level 10 in Shields
 14543 | D:11     | Noticed a boulder beetle
 14544 | D:11     | Noticed a sixfirhy
 14551 | D:10     | Noticed a sixfirhy
 14964 | D:11     | HP: 2/95 [gargoyle/+0 flail (11)]
 14964 | D:11     | The Shining One protects you from harm!
 14967 | D:11     | Killed from afar by a gargoyle

Illustrated notes

Levels and vault maps discovered:
D:1:      dpeg_arrival_simpleton_a, layout_basic, minmay_misc_feat_room,
          minivault_27
D:2:      layout_basic, corexii_item_surrounded_by_moat
D:3:      layout_rooms, nemelex_xobeh_ov_fountains_minmay,
          nicolae_ashenzari_panopticon,
          nicolae_gozag_cash_rules_everything_around_me,
          minmay_overflow_temple_star_quad, biasface_ghost_orc_armoury,
          serial_corexii_hall, corexii_hall_statues_deadend,
          chequers_hall_statues_corner_a
D:4:      layout_basic, serial_co_window_serial, co_window_of_opportunity_a,
          co_window_paths_b, co_window_corner_a, co_window_paths_a,
          co_window_paths_a, co_window_corner_b, co_window_paths_c,
          co_window_cross_3, co_window_4corner_b, glass_columns_a,
          glass_columns_c, glass_columns_a, glass_columns_c
D:5:      layout_cave_pods, serial_shops, nicolae_shop_crystal, enter_ossuary_5,
          tso_altar, uniq_duvessa, uniq_menkaure
D:6:      kennysheep_spiral_hall, layout_basic, vehumet_statue,
          minmay_temple_entry_butterflies, nicolae_ru_sacrificial_ziggurat
D:7:      layout_loops_cross, gammafunk_temple_overflow_elements, serial_glass,
          glass_columns_a, glass_columns_b, glass_columns_a, glass_columns_a,
          glass_columns_b, glass_columns_a, glass_columns_c, glass_columns_a,
          chequers_garden
D:8:      layout_basic, minmay_lair_entry_grove
D:9:      gammafunk_cloud_chamber, layout_loops_corners, lightli_temple_of_fire,
          minmay_shop_chei, uniq_maggie, uniq_psyche
D:10:     layout_grid_maze, serial_shops, nicolae_shop_statue_plus, shop
D:11:     layout_cave_pools, uniq_snorg, uniq_erica

Skill      XL: |  1  2  3  4  5  6  7  8  9 10 11 |
---------------+----------------------------------+-----
Armour         | 4 5 6 7 8 10 | 10.2
Fighting       | 4 5 6 7 8 |  8.7
Axes           | 3 4 7 9 |  9.5
Shields        | 4 5 6 7 9 10 | 10.1
Polearms       | 1 3 4 6 8 |  8.6
Conjurations   | 2 3 4 |  4.2
Short Blades   | 1 3 |  3.3
Long Blades    | |  0.9

Action                   |  1- 3 |  4- 6 |  7- 9 | 10-12 || total
-------------------------+-------+-------+-------+-------++-------
Melee: War axe           |    55 |       |   120 |   122 ||   297
       Headbutt          |     9 |    40 |   103 |    66 ||   218
       Spear             |    69 |   219 |   287 |       ||   575
       Battleaxe         |       |       |    37 |       ||    37
       Short sword       |       |       |       |   173 ||   173
       Scimitar          |       |       |       |    45 ||    45
Evoke: Wand              |       |       |       |     1 ||     1
  Use: Scroll            |       |    11 |     5 |     9 ||    25
       Potion            |       |       |     7 |     5 ||    12
Armor: Scale mail        |    47 |    47 |    43 |       ||   137
       Plate armour      |       |       |    73 |    77 ||   150
       Swamp dragon scal |       |       |       |   117 ||   117
Dodge: Dodged            |    40 |    43 |    84 |   122 ||   289
Block: Kite shield       |    59 |    96 |   154 |   306 ||   615
       Rpst.: Scimitar   |       |       |       |     5 ||     5
